 Dungeon Crawl Stone Soup version 0.30-a0-778-g2ef04afb54 (webtiles) character file.

Game seed: 2669929012701633486

92098 browni3141 the Warrior (level 16, -3/139 (140) HPs)
             Began as a Hill Orc Gladiator on Feb 17, 2023.
             Was a High Priest of Okawaru.
             Slain by a profane servitor
             ... wielding a +2 whip
              (24 damage)
             ... on level 3 of the Abyss.
             The game lasted 00:36:45 (21309 turns).

browni3141 the Warrior (Hill Orc Gladiator)        Turns: 21309, Time: 00:36:45

HP:   -3/139 (140)  AC: 42    Str: 25    XL:     16   Next: 5%
MP:   23/27         EV: 16    Int:  6    God:    Okawaru [*****.]
Gold: 2469          SH:  0    Dex: 12    Spells: 14/15 levels left

rFire   . . .      SeeInvis .    q - +7 mace of Variability {chaos, chain chaos}
rCold   + + .      Faith    .    (shield currently unavailable)
rNeg    + + .      Spirit   .    P - +1 crystal plate armour of the Sun {Int+2}
rPois   .          Reflect  .    c - +2 helmet of the Beginning {rC++ Int-2}
rElec   .          Harm     .    H - +2 cloak {rCorr}
rCorr   +          Rampage  .    b - +1 pair of gloves
Will    +....                    y - +1 pair of boots of the Wasteland {rN++ Int-2} Stlth
                                 l - amulet of regeneration
HPRegen 1.23/turn                o - +4 ring of slaying
MPRegen 0.20/turn                L - +5 ring of evasion

@: heroic, finesse-ful, wreathed by umbra, lightly drained, unable to drink
A: frail 1, [no potion heal 2], [inability to drink after injury 2]
a: Renounce Religion, Heroism, Finesse, Duel


You were on level 3 of the Abyss.
You worshipped Okawaru.
Okawaru was extremely pleased with you.
You visited 4 branches of the dungeon, and saw 23 of its levels.
You visited the Abyss 1 time.
You also visited: Gauntlet.

You collected 2766 gold pieces.
You spent 297 gold pieces at shops.

Inventory:

Hand Weapons
 a - the +10 hand axe of Pean {protect, rElec rC++ rN+ Int-3}
   (You found it on level 9 of the Dungeon)

   Int:       It affects your intelligence (-3).
   rC:        It greatly protects you from cold.
   rElec:     It insulates you from electricity.
   rN:        It protects you from negative energy.
 q - the +7 mace of Variability (weapon) {chaos, chain chaos}
   (You found it in a Gauntlet)
Missiles
 d - a throwing net
 v - 8 atropa-tipped darts
 x - 23 javelins
 A - 17 boomerangs (quivered)
 E - 60 poisoned darts
 Q - 6 silver javelins
 W - 13 curare-tipped darts
Armour
 b - a +1 pair of gloves (worn)
 c - the +2 helmet of the Beginning (worn) {rC++ Int-2}
   (You found it on level 13 of the Dungeon)

   Int:       It affects your intelligence (-2).
   rC:        It greatly protects you from cold.
 y - the +1 pair of boots of the Wasteland (worn) {rN++ Int-2}
   (You found it on level 14 of the Dungeon)

   Int:       It affects your intelligence (-2).
   rN:        It greatly protects you from negative energy.
 D - the +1 scale mail "Noyseuta" {Rampage rPois Slay+3}
   (You bought it in a shop on level 15 of the Dungeon)

   Slay:      It affects your accuracy & damage with ranged weapons and melee
   (+3).
   rPois:     It protects you from poison.
   Rampage:   It bestows one free step when moving towards enemies.
 H - a +2 cloak of preservation (worn)
 P - the +1 crystal plate armour of the Sun (worn) {Int+2}
   (Okawaru gifted it to you on level 3 of the Lair of Beasts)

   Int:       It affects your intelligence (+2).
Jewellery
 h - a ring of protection from cold
 l - an amulet of regeneration (around neck)
 o - a +4 ring of slaying (left hand)
 F - a ring of ice
 L - a +5 ring of evasion (right hand)
 O - a ring of resist corrosion
 Y - a ring of fire
Wands
 z - a wand of mindburst (11)
 B - a wand of polymorph (20)
 M - a wand of paralysis (11)
 T - a wand of light (2)
 Z - a wand of iceblast (5)
Scrolls
 g - 6 scrolls of magic mapping
 i - 6 scrolls of amnesia
 j - 3 scrolls of fog
 n - 3 scrolls of poison
 u - 6 scrolls of enchant weapon
 w - 13 scrolls of teleportation
 J - 9 scrolls of noise
 K - 5 scrolls of vulnerability
 N - a scroll of enchant armour
 S - a scroll of silence
 X - 3 scrolls of torment
Potions
 e - 7 potions of attraction
 f - 5 potions of flight
 k - 7 potions of heal wounds
 m - 3 potions of haste
 r - 6 potions of lignification
 s - 13 potions of curing
 t - 4 potions of cancellation
 C - 5 potions of brilliance
 G - a potion of magic
 R - 6 potions of mutation
 U - 5 potions of might
 V - 14 potions of degeneration
Miscellaneous
 I - a phial of floods (inert)


   Skills:
 * Level 17.6(22.6) Fighting
 - Level 3.2(8.2) Maces & Flails
 + Level 9.9(14.9) Throwing
 * Level 16.1(21.1) Armour
 + Level 9.0(14.0) Dodging
 - Level 1.0(6.0) Stealth
 - Level 15.0 Invocations
 - Level 5.0 Evocations


You had 14 spell levels left.
You knew the following spells:

 Your Spells              Type           Power      Damage    Failure   Level
a - Apportation           Tloc           0%         N/A       100%        1

Your spell library contained the following spells:

 Spells                   Type           Power      Damage    Failure   Level
 Beastly Appendage        Tmut           0%         N/A       100%        1
 Necrotise                Necr           0%         1d4       100%        1
 Sandblast                Erth           0%         2d4       100%        1
 Passwall                 Tmut/Erth      0%         N/A       100%        2
 Wereblood                Tmut           0%         N/A       100%        2
 Gell's Gravitas          Tloc           0%         N/A       100%        3
 Portal Projectile        Hex/Tloc       0%         N/A       100%        3
 Spider Form              Tmut/Pois      0%         N/A       100%        3
 Stone Arrow              Conj/Erth      0%         3d7       100%        3
 Teleport Other           Tloc           0%         N/A       100%        3
 Alistair's Intoxication  Tmut/Pois      0%         N/A       100%        5
 Blade Hands              Tmut           0%         N/A       100%        5
 Freezing Cloud           Conj/Ice/Air   0%         6-21      100%        5
 Irradiate                Conj/Tmut      0%         3d11      100%        5
 Iskenderun's Battlesphe  Conj           0%         2d6       100%        5
 Yara's Violent Unravell  Hex/Tmut       0%         3d3       100%        5
 Dispersal                Tloc           0%         N/A       100%        6
 Iron Shot                Conj/Erth      0%         9d1       100%        6
 Dragon Form              Tmut           0%         N/A       100%        7
 Enfeeble                 Hex            0%         N/A       100%        7
 Polar Vortex             Ice            0%         N/A       100%        9
 Summon Small Mammal      Summ           Unusable   N/A       N/A         1
 Tukima's Dance           Hex            Unusable   N/A       N/A         3
 Simulacrum               Ice/Necr       Unusable   N/A       N/A         6
 Spellforged Servitor     Conj/Summ      Unusable   N/A       N/A         7

Dungeon Overview and Level Annotations

Branches:
Dungeon (15/15)            Temple (1/1) D:5            Lair (5/5) D:9
  Swamp (0/4) Lair:2        Snake (0/4) Lair:3        Slime (0/5) Lair:5
    Orc (2/2) D:10            Elf (0/3) Orc:2        Vaults (0/5) D:14
Gauntlet (visited)
 Depths: D:15

Altars:
Ashenzari
Cheibriados
Dithmenos
Elyvilon
Fedhas
Gozag
Hepliaklqana
Kikubaaqudgha
Makhleb
Nemelex Xobeh
Okawaru
Qazlal
Ru
Sif Muna
Trog
Uskayaw
Vehumet
Wu Jian
Xom
Yredelemnul
Zin
The Shining One
Beogh
Jiyva

Shops:
D:1 :   D:15 [   Orc:2 (*((

Annotations:
D:2 1 runed translucent door, Crazy Yiuf
D:5 1 runed translucent door, GiantSquids's ghost, novice VSBe; Menkaure
D:13 3 runed translucent doors, exclusion: 3 doors, lesbiats's ghost, journeyman TrFi


Innate Abilities, Weirdness & Mutations

You are frail. (-10% HP)
[Potions cannot restore your health.]
[You sometimes lose the ability to drink potions when taking damage.]


Message History

You miss the profane servitor.
The profane servitor is severely damaged.
The profane servitor hits you with a +2 whip!!
The profane servitor hits you but does no damage.
You hit the profane servitor but do no damage.
The profane servitor is severely damaged.
The profane servitor hits you with a +2 whip!
The profane servitor barely misses you.
You bludgeon the profane servitor!!
The profane servitor suddenly seems more agile.
The profane servitor is severely damaged.
The profane servitor completely misses you.
The profane servitor hits you but does no damage.
The small abomination barely misses you.
Aiming: Bolt of Light
Press: ? - help, Shift-Dir - straight line, f - profane servitor
Aim: a profane servitor, wielding a +2 whip (severely damaged, strong, unusually agile, umbra, 20% to hit)
The bolt of light misses the profane servitor.
The profane servitor misses you.
The profane servitor hits you with a +2 whip.
You partially resist.
Aiming: Bolt of Light
Press: ? - help, Shift-Dir - straight line, f/p - profane servitor
Aim: a profane servitor, wielding a +2 whip (severely damaged, strong, unusually agile, umbra, 20% to hit)
The bolt of light hits the profane servitor!!
The profane servitor is almost destroyed.
The profane servitor is blinded.
The profane servitor misses you. x2
The small abomination misses you.
The profane servitor hits you with a +2 whip!!
* * * LOW HITPOINT WARNING * * *
The profane servitor draws strength from your injuries!
The profane servitor hits you with a +2 whip!
* * * LOW HITPOINT WARNING * * *
You cannot drink potions in your current state!
Unknown command.
You completely miss the profane servitor.
The profane servitor is almost destroyed.
The small abomination hits you but does no damage.
The profane servitor hits you with a +2 whip!!
You die...

#.# # . ..
##.
#...#.#.#
###⌠# #
#.#.....###
#...#....⌠#
........#
... .....#
# ..#...#φ
..###.A.#
.## #.@#
#.x⌠# #.###
#.# ... .#.
#.# .


You could see a profane servitor (strong, agile, blind) and a small abomination.

Vanquished Creatures
  A lich (Abyss:3)
  2 tentacled starspawn
  Nessos (D:13)
  A minotaur (Gauntlet)
  Azrael (D:13)
  A green death (Gauntlet)
  An ettin (D:15)
  Snorg (Lair:3)
  Josephine (D:14)
  A fire dragon (Lair:5)
  Fannar (D:11)
  3 hydras
  4 centaur warriors
  2 vault guards (D:14)
  A catoblepas (Lair:5)
  2 boulder beetles
  A two-headed ogre (D:12)
  4 orc high priests
  Sonja (Lair:3)
  A hell knight (D:15)
  Nergalle (D:10)
  A wretched star (Abyss:3)
  Lodul (D:11)
  A skyshark (Lair:2)
  3 wizards (D:14)
  4 orc knights
  A lindwurm (Lair:5)
  6 orc sorcerers
  A necromancer (D:14)
  A deep elf pyromancer (D:12)
  An oklob plant (Lair:3)
  6 cyclopes
  9 ugly things
  13 elephants
  A manticore (D:13)
  Maurice (D:11)
  An apocalypse crab (Gauntlet)
  2 molten gargoyles (Lair:5)
  7 black mambas
  A torpor snail (Lair:5)
  13 cane toads
  A gargoyle (D:12)
  An unseen horror (shapeshifter) (D:14)
  6 rime drakes
  2 kobold demonologists (D:12)
  7 komodo dragons
  8 trolls
  A polar bear (Lair:2)
  2 tyrant leeches (Lair:2)
  4 hornets
  23 blink frogs
  8 slime creatures
  Sigmund (D:2)
  A shadow (D:11)
  4 hogs (D:8)
  2 large abominations (Abyss:3)
  7 wraiths
  A ynoxinul (Abyss:2)
  2 fire elementals (D:13)
  A hog (shapeshifter) (Abyss:3)
  54 yaks
  3 wyverns
  19 humans
  12 vampire mosquitoes
  3 starcursed masses (Abyss:3)
  4 steam dragons
  7 basilisks
  A swamp worm (Lair:2)
  2 neqoxecs (Abyss:3)
  2 wargs
  Edmund (D:5)
  5 acid dragons
  7 hell hounds
  10 water moccasins
  A swamp drake (D:10)
  An ice beast (D:5)
  24 orc warriors
  2 black bears (D:8)
  A sky beast (D:7)
  14 ogres
  An ogre (shapeshifter) (Abyss:2)
  7 wolves (Lair:4)
  4 centaurs
  6 kobold brigands
  2 necrophages
  A gnoll sergeant (D:9)
  9 bullfrogs
  5 scorpions
  20 wights
  16 killer bees
  An electric eel (Lair:3)
  2 howler monkeys
  4 lava snakes (Lair:5)
  7 hounds
  8 jellies
  A gnoll bouda (D:7)
  23 orc priests
  Ijyb (D:5)
  6 iguanas
  27 orc wizards
  Terence (D:3)
  8 gnolls
  7 adders
  2 ufetubi
  3 worms
  5 dart slugs
  91 orcs
  8 ball pythons
  6 bats
  17 endoplasms
  5 giant cockroaches (D:1)
  10 goblins
  9 hobgoblins
  10 jackals
  4 quokkas
  7 frilled lizards
  40 kobolds
  9 rats
  A butterfly (D:5)
  2 starspawn tentacles (Arena)
757 creatures vanquished.

Vanquished Creatures (others)
  An orc warrior (D:10)
  A bush (Lair:3)
  21 fungi
  29 plants
  8 starspawn tentacles
60 creatures vanquished.

Grand Total: 817 creatures vanquished

Notes
Turn   | Place    | Note
-------+----------+-------------------------------------------
     0 | D:1      | browni3141 the Hill Orc Gladiator began the quest for the
                  | Orb.
     0 | D:1      | Reached XP level 1. HP: 18/18 MP: 1/1
     0 | D:1      | Noticed a jelly
     2 | D:1      | Found a runed translucent door.
    68 | D:1      | Reached XP level 2. HP: 25/25 MP: 2/2
    77 | D:1      | Reached skill level 3 in Fighting
   273 | D:1      | Found Deco's Book Boutique.
   292 | D:1      | Reached XP level 3. HP: 31/31 MP: 3/3
   330 | D:1      | Reached skill level 1 in Stealth
   796 | D:2      | Reached skill level 4 in Fighting
   796 | D:2      | Reached XP level 4. HP: 37/40 MP: 4/4
   949 | D:2      | Noticed Sigmund
  1204 | D:2      | Killed Sigmund
  1205 | D:2      | Reached skill level 5 in Fighting
  1205 | D:2      | Reached XP level 5. HP: 41/48 MP: 5/5
  1205 | D:2      | Reached XP level 6. HP: 48/56 MP: 6/6
  1371 | D:2      | Found a runed translucent door.
  1372 | D:2      | Noticed Crazy Yiuf
  2266 | D:3      | Noticed Terence
  2275 | D:3      | Killed Terence
  2734 | D:4      | Reached XP level 7. HP: 60/62 MP: 7/7
  2978 | D:4      | Reached skill level 6 in Fighting
  3167 | D:4      | Found a sacrificial altar of Ru.
  3340 | D:5      | Entered Level 5 of the Dungeon
  3347 | D:5      | Reached skill level 5 in Armour
  3355 | D:5      | Found a staircase to the Ecumenical Temple.
  3418 | Temple   | Entered the Ecumenical Temple
  3716 | Temple   | Became a worshipper of Warmaster Okawaru
  3879 | D:5      | Noticed Menkaure
  4023 | D:5      | Noticed Edmund
  4029 | D:5      | Reached XP level 8. HP: 70/71 MP: 8/8
  4034 | D:5      | Reached skill level 7 in Fighting
  4048 | D:5      | Killed Edmund
  4127 | D:5      | Reached * piety under Okawaru
  4156 | D:5      | Found a hazy altar of Hepliaklqana.
  4261 | D:5      | Noticed Ijyb
  4268 | D:5      | Killed Ijyb
  4396 | D:5      | Found a runed translucent door.
  4399 | D:5      | Noticed GiantSquids's ghost (novice VSBe)
  4820 | D:6      | Reached skill level 1 in Invocations
  5000 | D:6      | Reached skill level 1 in Evocations
  5440 | D:7      | Reached skill level 8 in Fighting
  5440 | D:7      | Reached XP level 9. HP: 77/81 MP: 10/10
  5833 | D:7      | Found a blossoming altar of Fedhas.
  5922 | D:7      | You fall into a shaft and drop 2 floors!
  5922 | D:9      | Found a staircase to the Lair.
  5945 | D:9      | Found an opulent altar of Gozag.
  6027 | D:9      | Reached ** piety under Okawaru
  6047 | D:9      | Identified the +10 hand axe of Pean {protect, rElec rC++
                  | rN+ Int-3}
  6052 | D:9      | Noticed a troll
  6080 | D:9      | Killed a troll
  6118 | D:9      | Reached skill level 5 in Invocations
  6119 | D:9      | Reached skill level 9 in Fighting
  6196 | D:9      | Identified the +5 sling of Naps {heavy, Int+6}
  6212 | D:9      | Reached skill level 5 in Throwing
  6212 | D:9      | Reached XP level 10. HP: 91/91 MP: 14/14
  6270 | D:9      | Reached *** piety under Okawaru
  6460 | D:9      | Paralysed by a hornet for 2 turns
  6703 | Lair:1   | Entered Level 1 of the Lair of Beasts
  6748 | D:9      | Reached skill level 10 in Fighting
  6907 | D:8      | Received a gift from Okawaru
  7082 | D:8      | Reached **** piety under Okawaru
  7189 | D:8      | Reached skill level 5 in Dodging
  7193 | D:8      | Reached XP level 11. HP: 77/101 MP: 16/16
  7197 | D:8      | Received a gift from Okawaru
  8332 | Lair:1   | Reached ***** piety under Okawaru
  8483 | Lair:1   | Reached skill level 11 in Fighting
  8505 | Lair:1   | Reached skill level 10 in Armour
  8619 | Lair:1   | Received a gift from Okawaru
  9123 | Lair:2   | Reached skill level 5 in Evocations
  9454 | Lair:2   | Paralysed by a hornet for 2 turns
  9469 | Lair:2   | Paralysed by a hornet for 2 turns
  9476 | Lair:2   | Reached skill level 10 in Invocations
  9476 | Lair:2   | Reached XP level 12. HP: 80/112 MP: 19/19
  9649 | Lair:2   | Found a staircase to the Swamp.
  9972 | Lair:2   | Reached skill level 12 in Fighting
 10133 | Lair:3   | Received a gift from Okawaru
 10262 | Lair:3   | Noticed Snorg
 10281 | Lair:3   | Killed Snorg
 10381 | Lair:3   | Found a staircase to the Snake Pit.
 10435 | Lair:3   | Identified the +1 crystal plate armour of the Sun {Int+2}
                  | (Okawaru gifted it to you on level 3 of the Lair of Beasts)
 10435 | Lair:3   | Received a gift from Okawaru
 10507 | Lair:3   | Noticed Sonja
 10508 | Lair:3   | Killed Sonja
 10511 | Lair:3   | Found a hide-covered altar of Uskayaw.
 10674 | Lair:3   | Noticed a four-headed hydra
 10684 | Lair:3   | Killed a four-headed hydra
 11234 | Lair:4   | Reached skill level 13 in Fighting
 11340 | Lair:4   | Reached XP level 13. HP: 122/122 MP: 21/21
 11363 | Lair:4   | Received a gift from Okawaru
 11441 | Lair:4   | Received a gift from Okawaru
 11755 | Lair:4   | Identified the +3 buckler of Gluttony {Contam Harm rElec
                  | rN+} (Okawaru gifted it to you on level 4 of the Lair of
                  | Beasts)
 11755 | Lair:4   | Received a gift from Okawaru
 12061 | Lair:5   | Entered Level 5 of the Lair of Beasts
 12068 | Lair:5   | Identified the +2 pair of boots of Liberty {Int+2}
 12190 | Lair:5   | Reached skill level 14 in Fighting
 12310 | Lair:5   | Found a staircase to the Slime Pits.
 12397 | Lair:5   | Found a viscous altar of Jiyva.
 12764 | Lair:5   | Reached XP level 14. HP: 68/133 MP: 24/24
 12840 | Lair:5   | Found a large runed translucent door.
 12894 | Lair:5   | Reached ****** piety under Okawaru
 12949 | Lair:5   | Received a gift from Okawaru
 12949 | Lair:5   | Found the +11 plutonium sword {Contam Stlth-}
 13054 | Lair:5   | Found a large runed translucent door.
 13557 | Lair:5   | Identified the +4 scale mail "Bymp" {rF++ Will-}
 13790 | D:10     | Entered Level 10 of the Dungeon
 13795 | D:10     | Noticed Nergalle
 13823 | D:10     | Killed Nergalle
 13889 | D:10     | Found a shimmering altar of Xom.
 14219 | D:10     | Found a staircase to the Orcish Mines.
 14371 | Orc:1    | Entered Level 1 of the Orcish Mines
 14381 | Orc:1    | Found a roughly hewn altar of Beogh.
 14533 | Orc:1    | Reached skill level 15 in Fighting
 14829 | Orc:2    | Entered Level 2 of the Orcish Mines
 14944 | Orc:2    | Received a gift from Okawaru
 15079 | Orc:2    | Found Doziunk's Weapon Shop.
 15111 | Orc:2    | Found Poesyt's Assorted Antiques.
 15115 | Orc:2    | Found Yfuwej's Antique Weapon Shop.
 15116 | Orc:2    | Found Quneset's Weapon Emporium.
 15133 | Orc:2    | Gained mutation: You are frail. (-10% HP) [a neqoxec]
 15137 | Orc:2    | HP: 1/121 [hellwing[an orc high priest] (7)]
 15259 | Orc:2    | Paralysed by an orc sorcerer for 5 turns
 15323 | Orc:2    | HP: 2/120 [orc knight/+0 great sword (24)]
 15741 | Orc:2    | Paralysed by an orc sorcerer for 5 turns
 15792 | Orc:2    | Found a staircase to the Elven Halls.
 16412 | D:11     | Noticed Maurice
 16418 | D:11     | Killed Maurice
 16418 | D:11     | Received a gift from Okawaru
 16426 | D:11     | Reached skill level 15 in Invocations
 16453 | D:11     | Noticed Lodul
 16466 | D:11     | Killed Lodul
 16466 | D:11     | Received a gift from Okawaru
 16694 | D:11     | Received a gift from Okawaru
 16960 | D:11     | Noticed Fannar
 16978 | D:11     | Killed Fannar
 17430 | D:12     | Found a gate leading to a gauntlet.
 17449 | Gauntlet | Entered a Gauntlet
 17449 | Gauntlet | Found a transporter.
 17449 | Gauntlet | Found a transporter.
 17453 | Gauntlet | Found a transporter.
 17454 | Gauntlet | Found a transporter.
 17454 | Gauntlet | Found the +7 mace of Variability {chaos, chain chaos}
 17465 | Gauntlet | Found a transporter.
 17528 | Gauntlet | Found a transporter.
 17538 | Gauntlet | Found a transporter.
 17553 | Gauntlet | Found a transporter.
 17569 | Gauntlet | Found a transporter.
 17578 | Gauntlet | Found a transporter.
 17584 | Gauntlet | Found a transporter.
 17605 | Gauntlet | Found a transporter.
 17695 | Gauntlet | Reached XP level 15. HP: 128/128 MP: 26/26
 17700 | Gauntlet | Identified the amulet of Zoicuxeb {Faith rN+ SInv}
 17710 | Gauntlet | Identified the +1 fire dragon scales of Zoar {rF++ rC- rN+
                  | Regen+ Int-5}
 17712 | Gauntlet | Found the +5 Storm Queen's Shield {shock, Fly rElec}
 17718 | Gauntlet | Reached skill level 16 in Fighting
 18177 | D:12     | Received a gift from Okawaru
 18659 | D:13     | Found a broken altar of Ashenzari.
 18713 | D:13     | Noticed Nessos
 18735 | D:13     | Killed Nessos
 18887 | D:13     | Identified the +2 helmet of the Beginning {rC++ Int-2}
 19000 | D:13     | Found a runed translucent gate.
 19001 | D:13     | Found a runed translucent gate.
 19002 | D:13     | Found a runed translucent gate.
 19002 | D:13     | Noticed lesbiats's ghost (journeyman TrFi)
 19029 | D:13     | Reached skill level 15 in Armour
 19041 | D:13     | Noticed Azrael
 19050 | D:13     | Killed Azrael
 19620 | D:14     | Received a gift from Okawaru
 19755 | D:13     | Received a gift from Okawaru
 19879 | D:14     | Identified the +1 pair of boots of the Wasteland {rN++
                  | Int-2}
 20181 | D:14     | Noticed Josephine
 20190 | D:14     | Killed Josephine
 20218 | D:14     | Received a gift from Okawaru
 20360 | D:14     | Reached skill level 17 in Fighting
 20433 | D:14     | Received a gift from Okawaru
 20459 | D:14     | Found a gate to the Vaults.
 20709 | D:14     | Received a gift from Okawaru
 20716 | D:15     | Entered Level 15 of the Dungeon
 20751 | D:15     | Found Fuenned's Antique Armour Emporium.
 20783 | D:15     | Bought a shimmering scale mail for 297 gold pieces
 20783 | D:15     | Identified the +1 scale mail "Noyseuta" {Rampage rPois
                  | Slay+3} (You bought it in a shop on level 15 of the
                  | Dungeon)
 20922 | Abyss:2  | Cast into level 2 of the Abyss (a wizard)
 21015 | Abyss:3  | Noticed a purple draconian shifter
 21024 | Abyss:3  | Noticed a hellephant
 21024 | Abyss:3  | Noticed a purple draconian shifter
 21033 | Abyss:3  | Found a corrupted altar of Lugonu.
 21033 | Abyss:3  | Noticed a purple draconian shifter
 21033 | Abyss:3  | Noticed a hellephant
 21036 | Abyss:3  | Learned a level 1 spell: Apportation
 21153 | Abyss:3  | Received a gift from Okawaru
 21171 | Abyss:3  | Noticed a tentacled starspawn
 21174 | Abyss:3  | Paralysed by accursed screaming for 1 turns
 21178 | Arena    | Entered the Arena
 21184 | Arena    | Killed a tentacled starspawn
 21195 | Abyss:3  | Noticed a lich
 21200 | Abyss:3  | Killed a lich
 21201 | Abyss:3  | Reached XP level 16. HP: 134/139 MP: 16/27
 21249 | Abyss:3  | Noticed a tentacled starspawn
 21253 | Abyss:3  | Killed a tentacled starspawn
 21265 | Abyss:3  | Received a gift from Okawaru
 21280 | Abyss:3  | Noticed a profane servitor
 21309 | Abyss:3  | Slain by a profane servitor

Illustrated notes

Levels and vault maps discovered:
D:1:      dpeg_arrival_caged_fury, layout_loops_ring, serial_shops,
          nicolae_shop_waterfront
D:2:      cheibrodos_old_hovel, layout_rooms, serial_park_tiny_1, dk_vineyard_1,
          nicolae_elevator_lobby_asterisk, uniq_sigmund, uniq_crazy_yiuf_cottage
D:3:      layout_loops_ring, eino_tiny_chamber, kennysheep_nondescript,
          uniq_terence
D:4:      layout_gridville, general_overflow_altar
D:5:      layout_loops_ring, marbit_many_paths, minmay_temple_entry_butterflies,
          ebering_ghost_reflecting_pool, grunt_ministairs_2,
          saegor_snake_ambush, uniq_edmund, uniq_ijyb, uniq_menkaure
D:6:      layout_rooms
D:7:      kennysheep_kobold_camp, layout_loops_corners, lemuel_crystal_altar
D:8:      black_bear_nest_2, layout_basic, grunt_livestock
D:9:      layout_long_grid, mainiacjoe_overflow_six_doors_small,
          lair_entry_dummy
D:10:     layout_rooms, lemuel_round_altar, erik_orc_1, uniq_nergalle
D:11:     layout_long_grid, uniq_lodul, uniq_maurice, uniq_fannar
D:12:     layout_stronghold, gauntlet_entry_generic
D:13:     layout_basic, gammafunk_ghost_spectres, evilmike_ruin_ashenzari,
          uniq_azrael, uniq_nessos
D:14:     layout_cave_pools, grunt_vaults_entry_tiered,
          kennysheep_big_empty_room, kennysheep_pointless_box, uniq_josephine
D:15:     hangedman_depths_entry_civil_slaughter, layout_basic, serial_shops,
          shop_coins, serial_park_avenue1, chequers_serial_rivers_large_b
Temple:   minmay_temple_bridge_d
Lair:1:   layout_chaotic_city
Lair:2:   layout_regular_city, minmay_swamp_entry_worms, dreamdust_wasp_nest,
          grunt_megastairs_2
Lair:3:   layout_gridlike, lemuel_oklob_altar, infiniplex_staircase_pool,
          uniq_snorg, uniq_sonja
Lair:4:   layout_cave_shapes, chequers_serial_rivers_small_b
Lair:5:   cheibrodos_lair_end_hotspot, layout_loops_ring,
          nicolae_slime_entry_field_trip, minmay_lair_drake_nest
Orc:1:    layout_diamond_mine, basic_altar
Orc:2:    st_orc_elflike, layout_diamond_mine
Abyss:3:  base: D:15, minivault_13, evilmike_abyss_rune_elephants_shrine,
          minivault_25, evilmike_abyss_exit_10, base: D:14,
          evilmike_abyss_exit_vortex,
          evilmike_nicolae_abyss_rune_betentacled_crabyss,
          evilmike_nicolae_abyss_rune_betentacled_crabyss

Skill      XL: |  1  2  3  4  5  6  7  8  9 10 11 12 13 14 15 |
---------------+----------------------------------------------+-----
Throwing       | 2 3 4 5 6 7 8 9 |  9.9
Fighting       | 3 4 5 6 8 9 10 11 13 14 15 17 | 17.6
Stealth        | 1 |  1.0
Armour         | 3 4 5 6 8 9 10 11 13 14 16 | 16.1
Dodging        | 3 4 5 6 7 8 9 |  9.0
Invocations    | 2 5 7 10 11 13 15 | 15.0
Evocations     | 1 2 4 5 |  5.0
Maces & Flails | |  3.2

Action                     |  1- 3 |  4- 6 |  7- 9 | 10-12 | 13-15 | 16-18 || total
---------------------------+-------+-------+-------+-------+-------+-------++-------
  Melee: Flail             |    97 |       |   149 |       |       |       ||   246
         Punch             |     1 |     2 |     4 |    12 |    15 |       ||    34
         Club              |     4 |   155 |       |       |       |       ||   159
         Hand axe          |       |    30 |   120 |   527 |   878 |       ||  1555
         Great mace        |       |       |       |       |   358 |    36 ||   394
  Throw: Throwing net      |       |     3 |       |       |     2 |       ||     5
         Javelin           |       |     2 |     5 |     4 |    25 |       ||    36
         Dart              |       |       |     6 |     3 |       |       ||     9
         Boomerang         |       |       |       |     8 |    21 |       ||    29
 Invoke: Heroism           |       |       |     1 |     5 |    14 |     1 ||    21
         Finesse           |       |       |       |       |     3 |     1 ||     4
         Duel              |       |       |       |       |     1 |       ||     1
  Evoke: Wand              |       |       |       |     4 |    14 |     2 ||    20
         Phial of floods   |       |       |       |       |     2 |       ||     2
    Use: Scroll            |       |       |     9 |    16 |     7 |       ||    32
         Potion            |       |       |       |       |    13 |       ||    13
   Stab: Sleeping          |     1 |       |     1 |       |       |       ||     2
         Invisible         |       |       |       |     3 |     4 |       ||     7
         Confused          |       |       |       |       |     5 |       ||     5
         Paralysed         |       |       |       |       |     8 |       ||     8
         Petrified         |       |       |       |       |     2 |       ||     2
 Armour: Leather armour    |    41 |    42 |    32 |       |       |       ||   115
         Scale mail        |       |    20 |       |       |       |       ||    20
         Chain mail        |       |       |   101 |   314 |       |       ||   415
         Crystal plate arm |       |       |       |   103 |  1759 |    43 ||  1905
  Dodge: Dodged            |    82 |   105 |   211 |   547 |   999 |    15 ||  1959

Table legend: (Time is in decaauts)
 A = Elapsed time spent in this place.
 B = Non-inter-level travel time spent in this place.
 C = Inter-level travel time spent in this place.
 D = Time resting spent in this place.
 E = Time spent auto-exploring this place.
 F = Levels seen in this place.
 G = Mean time per level.
                   A        B        C        D        E       F      G
               +--------+--------+--------+--------+--------+-----+--------+
         Total |  21834 |  20109 |   1725 |    679 |  13652 |  28 |  779.8 |
       Dungeon |  13311 |  12397 |    914 |    339 |   8745 |  15 |  887.4 |
        Temple |    368 |    226 |    142 |      0 |    213 |   1 |  368.0 |
          Lair |   5996 |   5379 |    617 |    135 |   3815 |   5 | 1199.2 |
  Orcish Mines |   1461 |   1410 |     51 |    166 |    698 |   2 |  730.5 |
         Abyss |    375 |    375 |      0 |     37 |     19 |   3 |  125.0 |
      Gauntlet |    306 |    306 |      0 |      0 |    162 |   1 |  306.0 |
         Arena |     14 |     14 |      0 |      0 |      0 |   1 |   14.0 |
               +--------+--------+--------+--------+--------+-----+--------+

Top non-repeatable levels by time:
  Lair:5: 1623 daAuts
  Lair:3: 1316 daAuts
    D:13: 1286 daAuts
     D:7: 1191 daAuts
     D:9: 1154 daAuts
  Lair:2: 1116 daAuts
    D:11: 1071 daAuts
     D:2: 1025 daAuts
     D:5: 1014 daAuts
  Lair:1: 983 daAuts
    D:12: 969 daAuts
    D:14: 961 daAuts
  Lair:4: 956 daAuts
     D:1: 885 daAuts
   Orc:2: 863 daAuts
